 Dungeon Crawl Stone Soup version 0.30-a0-1066-g63dfefce0d (webtiles) character file.

Game seed: 12240310662206613839

1134 LustLizard the Cleaver (level 8, -8/71 HPs)
             Began as a Hill Orc Monk on Apr 13, 2023.
             Was a Believer of Beogh.
             Mangled by an ogre
             ... wielding a +0 giant spiked club
              (16 damage)
             ... on level 6 of the Dungeon.
             The game lasted 00:09:23 (5382 turns).

LustLizard the Cleaver (Hill Orc Monk)              Turns: 5382, Time: 00:09:23

Health: -8/71      AC: 13    Str: 16    XL:     8   Next: 36%
Magic:  11/11      EV:  7    Int: 10    God:    Beogh [**....]
Gold:   245        SH:  5    Dex: 13    Spells: 7/7 levels left

rFire   + . .      SeeInvis .    a - +0 hand axe
rCold   . . .      Faith    .    d - orb {light}
rNeg    + . .      Spirit   .    t - +0 shadow dragon scales
rPois   .          Reflect  +    (no helmet)
rElec   .          Rampage  .    u - +0 cloak
rCorr   .                        G - +0 pair of gloves
Will    .....                    (no boots)
Stlth   +                        s - amulet of reflection
HPRegen 0.31/turn                q - ring of protection from fire
MPRegen 0.12/turn                H - ring of positive energy

@: glowing
A: no striking features
a: Renounce Religion, Smiting


You were on level 6 of the Dungeon.
You worshipped Beogh.
Beogh was pleased with you.
You visited 1 branch of the dungeon, and saw 6 of its levels.

You collected 245 gold pieces.

Inventory:

Hand Weapons
 a - a +0 hand axe (weapon)
 g - a +0 war axe
Missiles
 i - 17 poisoned darts (quivered)
 E - 6 curare-tipped darts
Armour
 d - an orb of light (worn)
 t - +0 shadow dragon scales (worn)
 u - a +0 cloak (worn)
 G - a +0 pair of gloves (worn)
Jewellery
 q - a ring of protection from fire (left hand)
 s - an amulet of reflection (around neck)
 C - an amulet of faith
 H - a ring of positive energy (right hand)
Scrolls
 b - a scroll of brand weapon {unknown}
 e - 2 scrolls of identify
 j - a scroll of silence {unknown}
 k - a scroll of acquirement {unknown}
 l - a scroll of enchant weapon {unknown}
 m - 3 scrolls of fear {unknown}
 o - 2 scrolls of blinking
 p - a scroll of noise {unknown}
 r - 2 scrolls of teleportation {unknown}
 x - a scroll of summoning {unknown}
 y - 2 scrolls of immolation {unknown}
 A - a scroll of amnesia {unknown}
 B - 2 scrolls of magic mapping {unknown}
 D - a scroll of vulnerability {unknown}
Potions
 c - a potion of ambrosia
 f - 2 potions of brilliance
 h - 4 potions of curing
 n - 2 potions of heal wounds
 v - a potion of degeneration {unknown}
 w - 3 potions of flight
 z - a potion of resistance {unknown}
 F - 2 potions of haste


   Skills:
 + Level 6.4 Fighting
 * Level 9.2 Axes
 + Level 4.4 Dodging
 - Level 1.5 Stealth
 * Level 4.5 Invocations


You had 7 spell levels left.
You didn't know any spells.
Your spell library contained the following spells:

 Spells                   Type           Power      Damage    Failure   Level
 Apportation              Tloc           0%         N/A       100%        1
 Hailstorm                Conj/Ice       0%         3d3       100%        3
 Ice Form                 Ice/Tmut       0%         N/A       100%        4
 Alistair's Intoxication  Tmut/Pois      0%         N/A       100%        5
 Simulacrum               Ice/Necr       0%         N/A       100%        6
 Borgnjor's Revivificati  Necr           0%         N/A       100%        8
 Necromutation            Tmut/Necr      0%         N/A       100%        8
 Death's Door             Necr           0%         N/A       100%        9


Dungeon Overview and Level Annotations

Branches:
Dungeon (6/15)             Temple (0/1) D:4

Altars:
Cheibriados
Kikubaaqudgha
Zin

Portals:
Abyss: D:3

Annotations:
D:3 2 transporters, gelatine's ghost, amateur DjGl
D:4 3 runed translucent doors, Darkkill's ghost, amateur MiHu; domi's ghost, amateur VSFi


Message History

i - 17 poisoned darts (gained 1) Menkaure and an ogre come into view.
Menkaure shouts!
The ogre moves out of view.
Menkaure hits you!
You hit Menkaure.
Menkaure is lightly damaged.
You slash Menkaure!
Menkaure is heavily damaged.
Menkaure hits you!
You hit Menkaure but do no damage.
Menkaure is heavily damaged.
You block Menkaure's attack.
The ogre shouts!
You hit Menkaure.
Menkaure is heavily damaged.
Menkaure calls on the powers of darkness!
Your body is wracked with pain!
The ogre convulses!
You are too injured to fight recklessly!
Unknown command.
You hit Menkaure.
Menkaure is severely damaged.
You hit Menkaure but do no damage.
Menkaure is severely damaged.
Menkaure hits you!
You hit Menkaure.
Menkaure is almost destroyed.
Menkaure gestures wildly while chanting.
Menkaure seems to speed up.
You hit Menkaure.
Menkaure is almost destroyed.
Menkaure hits you!!
* * * LOW HITPOINT WARNING * * *
Unknown command.
You hit Menkaure.
You destroy Menkaure!
Beogh accepts your kill.
You hit the ogre.
The ogre hits you with a +0 giant spiked club!
You die...

#..########.#.#..#
#................#
#..#####......#.## ...#
#.##.### ###.# #.##.# ..#
#.# #.##.#.....# #.#
#.##.#.....#
#######O#####.##.#.....#
.......@...............
########.####.#.#.###.#
######.# #.....###.##
#####......###.#.#.#.#..<#
#..........##.............
#####......##.#.#.#.##...#
######..........>##.##
.##########..###..#.#.##.#
.............# #.##.#.##.#


You could see an ogre.

Vanquished Creatures
  Eustachio (D:4)
  Menkaure (D:6)
  2 ice beasts
  A centaur (D:6)
  2 bullfrogs (D:6)
  4 scorpions
  A howler monkey (D:6)
  A jelly (D:4)
  An orc priest (D:4)
  A hound (D:4)
  Jessica (D:3)
  An iguana (D:5)
  7 adders
  A white imp (D:5)
  An ufetubus (D:5)
  3 worms (D:3)
  2 dart slugs
  12 orcs
  7 endoplasms
  5 giant cockroaches
  10 goblins
  9 hobgoblins
  9 quokkas
  3 ball pythons
  3 bats
  5 frilled lizards
  6 kobolds
  7 rats
107 creatures vanquished.

Vanquished Creatures (others)
  9 plants (D:2)
  A withered plant (D:4)
10 creatures vanquished.

Grand Total: 117 creatures vanquished

Notes
Turn   | Place    | Note
-------+----------+-------------------------------------------
     0 | D:1      | LustLizard the Hill Orc Monk began the quest for the Orb.
     0 | D:1      | Reached XP level 1. HP: 19/19 MP: 1/1
   451 | D:1      | Reached XP level 2. HP: 19/27 MP: 2/2
  1075 | D:2      | Reached XP level 3. HP: 33/33 MP: 3/3
  1180 | D:2      | Reached skill level 5 in Axes
  1454 | D:2      | Found a faded altar of an unknown god.
  1534 | D:3      | Found a transporter.
  1545 | D:3      | Found a one-way gate to the infinite horrors of the Abyss.
  1545 | D:3      | Noticed gelatine's ghost (amateur DjGl)
  1550 | D:3      | Noticed a small abomination
  1566 | D:3      | Noticed a small abomination
  1570 | D:3      | Found a snail-covered altar of Cheibriados.
  1605 | D:3      | Reached XP level 4. HP: 29/40 MP: 4/4
  1735 | D:3      | Found a transporter.
  2131 | D:3      | Noticed Jessica
  2174 | D:3      | Killed Jessica
  2175 | D:3      | Reached skill level 6 in Axes
  2175 | D:3      | Reached XP level 5. HP: 22/47 MP: 5/5
  2388 | D:3      | Became a worshipper of Beogh the Brigand
  2388 | D:3      | Reached * piety under Beogh
  2388 | D:3      | Reached ** piety under Beogh
  2524 | D:3      | Noticed a kobold brigand
  2798 | D:4      | Found a staircase to the Ecumenical Temple.
  2833 | D:4      | Reached XP level 6. HP: 37/55 MP: 6/6
  2937 | D:4      | Reached skill level 5 in Fighting
  3159 | D:4      | Reached skill level 7 in Axes
  3754 | D:4      | Noticed Eustachio
  3821 | D:4      | Killed Eustachio
  3822 | D:4      | Reached XP level 7. HP: 61/61 MP: 7/7
  4069 | D:4      | Found a runed translucent gate.
  4069 | D:4      | Found a runed translucent gate.
  4069 | D:4      | Found a runed translucent gate.
  4075 | D:4      | Noticed Darkkill's ghost (amateur MiHu)
  4075 | D:4      | Noticed domi's ghost (amateur VSFi)
  4119 | D:5      | Entered Level 5 of the Dungeon
  4150 | D:5      | Found an ancient bone altar of Kikubaaqudgha.
  4219 | D:5      | Found a glowing silver altar of Zin.
  4234 | D:5      | Reached skill level 8 in Axes
  4234 | D:5      | Reached skill level 1 in Invocations
  4867 | D:6      | Reached XP level 8. HP: 52/70 MP: 8/10
  5311 | D:6      | Reached skill level 9 in Axes
  5372 | D:6      | Noticed Menkaure
  5382 | D:6      | Killed Menkaure
  5382 | D:6      | Mangled by an ogre

Illustrated notes

Levels and vault maps discovered:
D:1:      minmay_arrival_stair_chambers, layout_loops_corners, st_stairs_7,
          kennysheep_decorative_pillar
D:2:      layout_rooms, dilly_ecumenical_altar_fadedgnrine
D:3:      minmay_razor_zed, layout_loops_ring, cheibriados_altar_1,
          gammafunk_ghost_abyssal_escape, minmay_box_of_dots, uniq_jessica
D:4:      layout_cave_pods, minmay_temple_entry_overgrown,
          gammafunk_ghost_cemetery, hangedman_abyss_or_decor_passed,
          uniq_eustachio
D:5:      layout_rooms, mainiacjoe_overflow_catch_the_wave
D:6:      layout_loops_ring, hex_tiny, chequers_jeans, kennysheep_nondescript,
          grunt_ministairs_4, corner_web_ring, uniq_menkaure

Skill      XL: |  1  2  3  4  5  6  7  8 |
---------------+-------------------------+-----
Fighting       | 4 5 6 |  6.4
Axes           | 5 6 7 8 9 |  9.2
Dodging        | 3 4 |  4.4
Invocations    | 3 4 |  4.5
Stealth        | |  1.5

Action                     |  1- 3 |  4- 6 |  7- 9 || total
---------------------------+-------+-------+-------++-------
  Melee: Hand axe          |   140 |   187 |   119 ||   446
  Throw: Dart              |       |    17 |    16 ||    33
 Invoke: Convert to Beogh  |       |     1 |       ||     1
    Use: Scroll            |     1 |     2 |     2 ||     5
   Stab: Sleeping          |       |     3 |     1 ||     4
 Armour: Ring mail         |    43 |       |       ||    43
         Shadow dragon sca |       |    83 |    41 ||   124
  Dodge: Dodged            |    79 |    56 |    33 ||   168
  Block: Orb               |       |    35 |    19 ||    54

Table legend: (Time is in decaauts)
 A = Elapsed time spent in this place.
 B = Non-inter-level travel time spent in this place.
 C = Inter-level travel time spent in this place.
 D = Time resting spent in this place.
 E = Time spent auto-exploring this place.
 F = Levels seen in this place.
 G = Mean time per level.
                   A        B        C        D        E       F      G
               +--------+--------+--------+--------+--------+-----+--------+
         Total |   5371 |   5140 |    231 |    800 |   3420 |   6 |  895.2 |
       Dungeon |   5371 |   5140 |    231 |    800 |   3420 |   6 |  895.2 |
               +--------+--------+--------+--------+--------+-----+--------+

Top non-repeatable levels by time:
     D:4: 1390 daAuts
     D:3: 1218 daAuts
     D:1: 1001 daAuts
     D:5: 724 daAuts
     D:6: 523 daAuts
     D:2: 513 daAuts
